 Dungeon Crawl Stone Soup version 0.29.1-2-gbd0b4ee654 (webtiles) character file.

Game seed: 17218712862360402249

72 Firos the Changer (level 4, 0/28 HPs)
             Began as an Octopode Transmuter on Nov 8, 2022.
             Splashed by a jelly's acid (1 damage)
             ... on level 4 of the Dungeon.
             The game lasted 00:02:42 (2414 turns).

Firos the Changer (Octopode Transmuter)             Turns: 2414, Time: 00:02:43

Health: 0/28       AC: -18   Str:  9    XL:     4   Next: 25%
Magic:  6/8        EV: 19    Int: 17    God:
Gold:   87         SH:  0    Dex: 17    Spells: 2/8 levels left

rFire   . . .      SeeInvis .     - Unarmed
rCold   . . .      Faith    .   (shield currently unavailable)
rNeg    . . .      Spirit   .   (helmet currently unavailable)
rPois   x          Reflect  .   (no amulet)
rElec   .          Harm     .   (no ring)
rCorr   .          Rampage  .   (no ring)
Will    .....                   (no ring)
Stlth   ++........              (no ring)
HPRegen 0.09/turn               (no ring)
MPRegen 0.11/turn               (no ring)
                                (no ring)
                                (no ring)

@: spider-form (expiring), corroded
A: venomous fangs, almost no armour, (amphibious), 8 rings, tiny, (camouflage
1), (gelatinous body 1), (nimble swimmer 1), (tentacles)
a: End Transformation


You were on level 4 of the Dungeon.
You were a venomous arachnid creature.
You visited 1 branch of the dungeon, and saw 4 of its levels.

You collected 87 gold pieces.

Inventory:

Wands
 d - a wand of polymorph (10)
Scrolls
 e - a scroll of blinking
Potions
 a - a potion of lignification
 b - 2 potions of berserk rage
 c - a potion of heal wounds
 f - a potion of flight
 g - 2 potions of curing
 h - a potion of attraction {unknown}


   Skills:
 + Level 1.0 Fighting
 + Level 2.0 Dodging
 * Level 3.0 Unarmed Combat
 + Level 2.8 Spellcasting
 * Level 3.8 Transmutations


You had 2 spell levels left.
You knew the following spells:

 Your Spells              Type           Power      Damage    Failure   Level
a - Beastly Appendage     Tmut           30%        N/A       12%         1
b - Wereblood             Tmut           15%        N/A       16%         2
c - Spider Form           Tmut/Pois      8%         N/A       45%         3

Your spell library contained the following spells:

 Spells                   Type           Power      Damage    Failure   Level
 Ice Form                 Ice/Tmut       8%         N/A       82%         4
 Iskenderun's Mystic Bla  Conj/Tloc      2%         2d3       96%         4
 Freezing Cloud           Conj/Ice/Air   1%         6-21      100%        5
 Iron Shot                Conj/Erth      1%         9d1       100%        6


Dungeon Overview and Level Annotations

Branches:
Dungeon (3/15)

Altars:

Shops:
D:2 (


Innate Abilities, Weirdness & Mutations

You are a venomous arachnid creature.
You have poisonous fangs.
You are tiny and dextrous.
Your spellcasting is less reliable in this form.
Your armour is entirely melded.
You are incapable of wielding weapons or throwing items.
You cannot wear most types of armour.
((You are amphibious.))
You can wear up to eight rings at the same time.
((Your skin changes colour to match your surroundings (Stealth+).))
((Your rubbery body absorbs attacks. (AC +1, EV +1)))
((You are camouflaged when in or above water. (Stealth+)))
((You have tentacles for arms and can constrict up to eight enemies at once.))


Message History

You kill the iguana!
You have reached level 4!
Okay, then.
Your transformation is almost over.
Your transformation has ended.
Magic restored.
h - a fizzy black potion You now have 87 gold pieces (gained 9).
You see here a +0 helmet of intelligence.
Okay, then.
Found an escape hatch in the floor.
Found a stone staircase leading down.
A jelly comes into view.
Casting: Spider Form (quite dangerous; 24% risk of failure)
Confirm with . or Enter, or press ? or * to list all spells.
Okay, then.
Casting: Spider Form (quite dangerous; 24% risk of failure)
Confirm with . or Enter, or press ? or * to list all spells.
The spell is quite dangerous to miscast (24% risk of failure)!
Continue anyway?
You turn into a venomous arachnid creature.
Your transformation is almost over.
The helpless jelly fails to defend itself.
You hit the jelly.
Your front legs burn!
The jelly is lightly wounded.
The jelly hits you. The acid corrodes you!
You are splashed with acid!
You hit the jelly. The acid corrodes you!
Your front legs burn!
The jelly is moderately wounded.
The jelly completely misses you.
You hit the jelly but do no damage. The acid corrodes you!
Your front legs burn!
The jelly is moderately wounded.
The jelly misses you.
You hit the jelly. The acid corrodes you!
Your front legs burn!
The jelly is severely wounded.
The jelly hits you.
* * * LOW HITPOINT WARNING * * *
The acid corrodes you!
You are splashed with acid.
* * * LOW HITPOINT WARNING * * *
You hit the jelly. The acid corrodes you!
Your front legs burn!
You die...

.# #.##.#
## #.##.# #
#.##.# ##.#
#####.##.##
...#
..........#
####
.#######..#
# #..# #
#####..# #
#.Js...#
#.####.# #
#.# #.# .#
.# .#


You could see a jelly.

Vanquished Creatures
  An iguana (D:4)
  2 adders (D:2)
  4 ball pythons
  3 endoplasms (D:1)
  A giant cockroach (D:1)
  A goblin (D:1)
  2 hobgoblins (D:1)
  2 kobolds (D:1)
  2 quokkas
  4 bats (D:1)
  2 frilled lizards
  6 rats
30 creatures vanquished.

Notes
Turn   | Place    | Note
-------+----------+-------------------------------------------
     0 | D:1      | Firos the Octopode Transmuter began the quest for the Orb.
     0 | D:1      | Reached XP level 1. HP: 13/13 MP: 3/3
   303 | D:1      | Reached XP level 2. HP: 7/18 MP: 5/5
   306 | D:1      | Learned a level 2 spell: Wereblood
   904 | D:1      | Got the Almanac of Confrontation
  1208 | D:1      | Reached XP level 3. HP: 19/23 MP: 6/6
  1212 | D:1      | Learned a level 3 spell: Spider Form
  1495 | D:2      | Found a faded altar of an unknown god.
  1525 | D:2      | Found Ceheggaq's Antique Weapon Boutique.
  2257 | D:3      | You fall into a shaft and drop 1 floor!
  2275 | D:4      | Reached XP level 4. HP: 28/28 MP: 3/8
  2413 | D:4      | HP: 1/28 [acid (5)]
  2414 | D:4      | Splashed by a jelly's acid

Illustrated notes

Levels and vault maps discovered:
D:1:      minmay_arrival_three_doors, layout_loops_ring
D:2:      layout_basic, serial_shops, nicolae_shop_window_shopping,
          chequers_ecumenical_altar_simple_redux, minmay_tripent
D:3:      minmay_skewed_foursquare, layout_loops_ring, serial_shops,
          nicolae_shop_behind_doors, grunt_ministairs_5
D:4:      minmay_inner_zag, layout_loops_ring, minmay_temple_entry_glass,
          uniq_sigmund, uniq_natasha, uniq_edmund

Skill      XL: |  1  2 |
---------------+-------+-----
Transmutations | 3 |  3.8
Fighting       | |  1.0
Dodging        | |  2.0
Unarmed Combat | |  3.0
Spellcasting   | |  2.8

Action                   |  1- 3 |  4- 6 || total
-------------------------+-------+-------++-------
Melee: Unarmed           |    73 |     5 ||    78
       Tentacles         |    17 |       ||    17
       Constrict         |    19 |       ||    19
       Punch             |     1 |       ||     1
       Kick              |     7 |       ||     7
 Cast: Beastly Appendage |     3 |       ||     3
       Spider Form       |     1 |     1 ||     2
  Use: Scroll            |     8 |       ||     8
 Stab: Sleeping          |     3 |     1 ||     4
Armor: Skin              |     9 |       ||     9
Dodge: Dodged            |    41 |     2 ||    43
